 Dungeon Crawl Stone Soup version 0.23-a0-329-g6f3f904 (webtiles) character file.

17597 galech the Cleaver (level 12, 0/99 HPs)
             Began as a Demonspawn Fighter on Oct 16, 2018.
             Was a High Priest of Okawaru.
             Slain by an orc warrior
             ... wielding a +1 war axe of electrocution
              (11 damage)
             ... on level 2 of the Orcish Mines.
             The game lasted 00:21:08 (10247 turns).

galech the Cleaver (Demonspawn Fighter)            Turns: 10247, Time: 00:21:09

Health: 0/99       AC: 15    Str: 21    XL:     12   Next: 20%
Magic:  0/13       EV: 33    Int: 13    God:    Okawaru [*****.]
Gold:   830        SH: 10    Dex: 23    Spells: 11/11 levels left

rFire    . . .     SeeInvis .   V - +0 broad axe
rCold    . . .     Gourm    .   l - +2 buckler
rNeg     . . .     Faith    .   y - +0 troll leather armour {Purgy}
rPois    .         Spirit   +   T - +2 helmet {Int+3}
rElec    .         Reflect  .   h - scarf {Spirit}
rCorr    .         Harm     .   (no gloves)
MR       .....                  (no boots)
Stlth    +++++.....             v - amulet of magic regeneration
HPRegen  0.66/turn              H - +4 ring of protection
MPRegen  0.38/turn              p - +6 ring of evasion

@: mighty, agile, about to teleport, heroism, drained
A: hooves 1, rugged brown scales 2, demonic guardian 1, powered by pain 2
a: Heroism, Finesse, Renounce Religion


You were on level 2 of the Orcish Mines.
You worshipped Okawaru.
Okawaru was extremely pleased with you.
You were hungry.

You visited 3 branches of the dungeon, and saw 12 of its levels.
You also visited: Sewer and Bailey.

You collected 981 gold pieces.
You spent 151 gold pieces at shops.

Inventory:

Hand Weapons
 V - a +0 broad axe (weapon)
Armour
 h - a scarf of spirit shield (worn)
 l - a +2 buckler (worn)
 y - a +0 troll leather armour (worn) {Purgy}
 M - a +2 cloak
 T - a +2 helmet of intelligence (worn)
Jewellery
 j - an uncursed ring of magical power
 m - a +4 ring of strength
 p - a +6 ring of evasion (right hand)
 s - an uncursed ring of resist corrosion
 t - an uncursed ring of protection from cold
 v - an amulet of magic regeneration (around neck)
 H - a +4 ring of protection (left hand)
 J - an uncursed ring of poison resistance
 L - the ring "Bucvay" {rElec rC+ MR+}
   (You found it on level 8 of the Dungeon)

   [ring of protection from magic]

   It protects you from cold.
   It insulates you from electricity.
   It affects your resistance to hostile enchantments.
Wands
 k - a wand of iceblast (30)
 x - a wand of polymorph (28)
 O - a wand of enslavement (13)
 P - a wand of acid (9)
 R - a wand of digging (14)
 S - a wand of random effects (28)
Scrolls
 e - 5 scrolls of remove curse
 g - a scroll of enchant weapon
 n - 9 scrolls of teleportation
 q - a scroll of immolation {unknown}
 u - a scroll of random uselessness {unknown}
 w - 3 scrolls of noise {unknown}
 A - 4 scrolls of blinking {unknown}
 E - 2 scrolls of fog {unknown}
 F - 8 scrolls of identify
 I - 3 scrolls of amnesia {unknown}
 K - 3 scrolls of enchant armour {unknown}
 U - a scroll of acquirement
Potions
 d - 2 potions of might
 i - 4 potions of lignification {unknown}
 o - 12 potions of curing
 r - 3 potions of degeneration {unknown}
 z - 2 potions of mutation {unknown}
 B - a potion of haste {unknown}
 C - 2 potions of agility {unknown}
 D - a potion of heal wounds
 G - a potion of flight {unknown}
 N - a potion of cancellation {unknown}
Comestibles
 f - 20 rations


   Skills:
 + Level 9.0(13.2) Fighting
 + Level 12.5(16.7) Axes
 + Level 5.3(9.6) Armour
 + Level 6.5(10.7) Dodging
 + Level 3.8(8.1) Stealth
 + Level 7.2(11.5) Shields
 + Level 1.8(1.2) Invocations


You had 11 spell levels left.
You didn't know any spells.
Your spell library contained the following spells:

 Spells                   Type           Power        Failure   Level  Hunger
 Shock                    Conj/Air       #...         34%         1    ##.....
 Swiftness                Chrm/Air       #.......     45%         2    ###....
 Static Discharge         Conj/Air       #.......     71%         3    ####...
 Airstrike                Air            #.........   98%         4    #####..
 Bolt of Magma            Conj/Fire/Erth #.........   100%        5    ######.
 Iskenderun's Battlesphe  Conj/Chrm      #.......     100%        5    ######.
 Lightning Bolt           Conj/Air       #.........   100%        5    ######.
 Venom Bolt               Conj/Pois      #.........   100%        5    ######.
 Iron Shot                Conj/Erth      #.........   100%        6    #######
 Orb of Destruction       Conj           #.........   100%        7    #######
 Spellforged Servitor     Conj/Summ      #.........   100%        7    #######
 Ignition                 Fire           #.........   100%        8    #######
 Shatter                  Erth           #.........   100%        9    #######
 Tornado                  Air            #.........   100%        9    #######


Dungeon Overview and Level Annotations

Branches:
Dungeon (9/15)             Temple (1/1) D:6            Lair (0/6) D:9
    Orc (2/2) D:9             Elf (0/3) Orc:2

Altars:
Ashenzari
Cheibriados
Dithmenos
Elyvilon
Fedhas
Hepliaklqana
Kikubaaqudgha
Nemelex Xobeh
Okawaru
Qazlal
Ru
Trog
Uskayaw
Vehumet
Wu Jian
Xom
Yredelemnul
Zin
The Shining One

Shops:
D:6 **   D:9 =   Orc:2 :

Portals:
Ice
Cave: Orc:2


Innate Abilities, Weirdness & Mutations

You have large cloven feet.
You are mostly covered in rugged brown scales. (AC +2, +5% HP)
A weak demonic guardian rushes to your aid.
You sometimes gain power by taking damage.


Message History

The white imp completely resists.
The white imp shouts!
You can move again.
You are too injured to fight recklessly!
You open the white imp like a pillowcase!!!
You kill the white imp!
You hit the white imp. You slash the white imp! You hit the white imp.
You hit the orc warrior but do no damage.
You hit the orc priest. You slash the orc knight!
You barely miss the orc sorcerer. You block the white imp's attack.
The white imp gestures at you. The puff of frost misses you.
The puff of frost hits the orc sorcerer.
As you read the scroll of teleportation, it crumbles to dust.
You feel strangely unstable. You block the orc knight's attack.
You block the orc sorcerer's attack. You block the orc priest's attack.
The orc warrior hits you with a +1 war axe of electrocution!!
* * * LOW HITPOINT WARNING * * *
You are electrocuted!
You die...

#............#
#.([........## ##
###....[##.### .#
###..#(...#### .####
#........## .#..##
###...##(.##
.....###.......(oo#
......#........ooo#.#..∩
............#..o@55.....
...........##..5.55.....
#...........###>55.....#
##.........## .........#
#<.)........###.........
............# ..........
........................
......##........####....
.....## ..


You could see an orc knight, an orc sorcerer, 2 orc warriors, an orc priest, an
orc wizard and 7 white imps.

Vanquished Creatures
  A two-headed ogre (Orc:1)
  A tengu warrior (D:9)
  7 death yaks (D:9)
  4 orc knights
  An orc sorcerer (Orc:1)
  2 kobold demonologists (Bailey)
  A troll (Orc:1)
  Grinder (D:5)
  5 wraiths (Orc:1)
  Eustachio (D:4)
  2 wyverns
  A hungry ghost (D:7)
  A steam dragon (D:7)
  6 wargs
  Menkaure (D:4)
  A black bear (D:6)
  13 orc warriors
  A sky beast (D:6)
  Purgy (Sewer)
  2 ice beasts
  A necrophage (D:8)
  5 ogres
  2 centaurs
  2 wolves (Orc:1)
  A big kobold (D:8)
  A bullfrog (D:5)
  4 scorpions
  11 killer bees
  4 wights (D:6)
  4 electric eels (Bailey)
  A howler monkey (D:7)
  5 crimson imps
  A bullfrog zombie (D:7)
  A centaur zombie (D:6)
  A hound (D:5)
  4 orc priests
  4 bullfrog skeletons
  2 gnoll shamans (D:5)
  A jelly (D:8)
  13 orc wizards
  3 iguanas
  9 worker ants
  A hound skeleton (D:6)
  20 gnolls
  9 adders
  A shadow imp (D:8)
  3 white imps (Orc:2)
  An ooze (D:4)
  An adder skeleton (D:5)
  4 worms (D:4)
  A dart slug (D:2)
  2 leopard geckos
  36 orcs
  6 giant cockroaches
  24 goblins
  12 hobgoblins
  4 jackals
  A quokka (D:6)
  A ball python (D:4)
  A ball python zombie (D:5)
  6 bats
  5 frilled lizards
  9 kobolds
  4 rats
285 creatures vanquished.

Vanquished Creatures (collateral kills)
  Josephine (Orc:1)
  A two-headed ogre (Orc:1)
  An orc warrior (D:9)
  A phantom (D:7)
  An ogre (Orc:1)
  3 wolves (Orc:1)
  2 howler monkeys
  An orc priest (D:9)
  3 orcs (D:9)
  A quokka (D:8)
15 creatures vanquished.

Vanquished Creatures (others)
  A howler monkey (D:6)
  A worker ant (D:6)
2 creatures vanquished.

Grand Total: 302 creatures vanquished

Notes
Turn   | Place    | Note
-------+----------+-------------------------------------------
     0 | D:1      | galech the Demonspawn Fighter began the quest for the Orb.
     0 | D:1      | Reached XP level 1. HP: 18/18 MP: 1/1
   189 | D:1      | Reached skill level 2 in Axes
   189 | D:1      | Gained mutation: You have large cloven feet. [demonic
                  | ancestry]
   189 | D:1      | Reached XP level 2. HP: 24/24 MP: 2/2
   536 | D:1      | You fall through a shaft!
   845 | D:2      | Reached XP level 3. HP: 29/29 MP: 3/3
  1423 | D:3      | Reached XP level 4. HP: 32/35 MP: 4/4
  2226 | D:3      | Reached skill level 3 in Axes
  2229 | D:3      | Gained mutation: You are partially covered in rugged brown
                  | scales. (AC +1, +3% HP) [demonic ancestry]
  2229 | D:3      | Reached XP level 5. HP: 24/42 MP: 5/5
  2402 | D:3      | Noticed an ogre
  2418 | D:3      | Killed an ogre
  2542 | D:4      | Noticed Eustachio
  2569 | D:4      | Killed Eustachio
  2569 | D:4      | Reached skill level 4 in Axes
  2569 | D:4      | Gained mutation: You sometimes gain a little power by
                  | taking damage. [demonic ancestry]
  2569 | D:4      | Reached XP level 6. HP: 31/49 MP: 6/6
  2602 | D:4      | Noticed Menkaure
  2607 | D:4      | Killed Menkaure
  2607 | D:4      | Reached skill level 1 in Dodging
  2809 | D:4      | Found a shattered altar of Ashenzari.
  2891 | D:4      | Found a glowing drain.
  2914 | Sewer    | Entered a sewer
  3049 | Sewer    | Noticed Purgy
  3067 | Sewer    | Killed Purgy
  3067 | Sewer    | Reached XP level 7. HP: 45/56 MP: 7/7
  3818 | D:5      | Entered Level 5 of the Dungeon
  3830 | D:4      | Reached skill level 5 in Axes
  4066 | D:5      | Found an ornate altar of the Wu Jian Council.
  4090 | D:5      | Reached skill level 5 in Fighting
  4123 | D:5      | Found a sparkling altar of Nemelex Xobeh.
  4130 | D:5      | Gained mutation: You are mostly covered in rugged brown
                  | scales. (AC +2, +5% HP) [demonic ancestry]
  4130 | D:5      | Reached XP level 8. HP: 53/65 MP: 8/8
  4255 | D:5      | Found a basalt altar of Yredelemnul.
  4338 | D:5      | Reached skill level 6 in Axes
  4342 | D:5      | Noticed Grinder
  4476 | D:5      | Killed Grinder
  4722 | D:5      | Found a blossoming altar of Fedhas.
  4942 | D:6      | Reached skill level 7 in Axes
  4942 | D:6      | Reached skill level 1 in Stealth
  4945 | D:6      | Found Huacsep's Hallowed Reliquary.
  4946 | D:6      | Found a glowing silver altar of Zin.
  4946 | D:6      | Noticed an angel
  5046 | D:6      | Bought a potion of curing for 30 gold pieces
  5062 | D:6      | Found a staircase to the Ecumenical Temple.
  5076 | Temple   | Entered the Ecumenical Temple
  5166 | Temple   | Became a worshipper of Warmaster Okawaru
  5195 | D:6      | Gained mutation: A weak demonic guardian rushes to your
                  | aid. [demonic ancestry]
  5195 | D:6      | Reached XP level 9. HP: 61/72 MP: 7/9
  5206 | D:6      | Found a radiant altar of Vehumet.
  5215 | D:6      | Found Qayta's General Store.
  5221 | D:6      | Reached skill level 5 in Shields
  5224 | D:6      | Bought a scroll of identify for 22 gold pieces
  5224 | D:6      | Bought a scroll of identify for 22 gold pieces
  5224 | D:6      | Bought a potion of heal wounds for 55 gold pieces
  5224 | D:6      | Bought a scroll of identify for 22 gold pieces
  5418 | D:6      | Found a glowing silver altar of Zin.
  5682 | D:7      | Reached * piety under Okawaru
  5766 | D:7      | Reached skill level 8 in Axes
  6455 | D:8      | Got a brightly glowing tin ring
  6457 | D:8      | Identified the ring "Bucvay" {rElec rC+ MR+} (You found it
                  | on level 8 of the Dungeon)
  6846 | D:8      | Reached skill level 9 in Axes
  7187 | D:8      | Reached ** piety under Okawaru
  7466 | D:9      | Noticed a death yak
  7469 | D:9      | Found a staircase to the Lair.
  7469 | D:9      | Noticed a death yak
  7470 | D:9      | Noticed a death yak
  7470 | D:9      | Noticed a death yak
  7470 | D:9      | Noticed a death yak
  7470 | D:9      | Noticed a death yak
  7476 | D:9      | Noticed a death yak
  7480 | D:9      | Killed a death yak
  7480 | D:9      | Gained mutation: You sometimes gain power by taking damage.
                  | [demonic ancestry]
  7480 | D:9      | Reached XP level 10. HP: 72/80 MP: 7/10
  7487 | D:9      | Killed a death yak
  7487 | D:9      | Reached *** piety under Okawaru
  7495 | D:9      | Killed a death yak
  7606 | D:9      | Killed a death yak
  7606 | D:9      | Reached skill level 10 in Axes
  7635 | D:9      | Killed a death yak
  7635 | D:9      | Reached **** piety under Okawaru
  7635 | D:9      | Reached skill level 5 in Armour
  7635 | D:9      | Reached skill level 5 in Dodging
  7635 | D:9      | Reached skill level 1 in Invocations
  7775 | D:9      | Killed a death yak
  7777 | D:9      | Killed a death yak
  7777 | D:9      | Reached XP level 11. HP: 40/88 MP: 8/11
  7822 | D:9      | Noticed a tengu warrior
  7857 | D:9      | Killed a tengu warrior
  7857 | D:9      | Reached ***** piety under Okawaru
  7910 | D:9      | Found Xoj Kiwa's Jewellery Boutique.
  7941 | D:9      | Found a staircase to the Orcish Mines.
  7956 | D:9      | Received a gift from Okawaru
  8135 | D:9      | Found a flagged portal.
  8143 | Bailey   | Entered a bailey
  8204 | Bailey   | Found an iron altar of Okawaru.
  8239 | Bailey   | Reached skill level 11 in Axes
  8308 | Bailey   | Received a gift from Okawaru
  8546 | Bailey   | Noticed an orc knight
  8566 | Bailey   | Killed an orc knight
  9088 | Orc:1    | Entered Level 1 of the Orcish Mines
  9102 | Orc:1    | Noticed a two-headed ogre
  9113 | Orc:1    | Killed a two-headed ogre
  9116 | Orc:1    | Noticed an orc knight
  9171 | Orc:1    | Killed an orc knight
  9228 | Orc:1    | Noticed an orc knight
  9255 | Orc:1    | Killed an orc knight
  9416 | Orc:1    | Noticed a two-headed ogre
  9416 | Orc:1    | Noticed an orc sorcerer
  9438 | Orc:1    | Killed a two-headed ogre
  9438 | Orc:1    | Reached skill level 12 in Axes
  9455 | Orc:1    | Killed an orc sorcerer
  9607 | Orc:1    | Reached XP level 12. HP: 83/98 MP: 11/13
  9619 | Orc:1    | Noticed Josephine
  9632 | Orc:1    | Killed Josephine
  9937 | Orc:2    | Entered Level 2 of the Orcish Mines
 10022 | Orc:2    | Found a staircase to the Elven Halls.
 10061 | Orc:2    | Found Jootor's Book Emporium.
 10240 | Orc:2    | Found a frozen archway.
 10243 | Orc:2    | Paralysed by an orc sorcerer for 2 turns
 10247 | Orc:2    | Slain by an orc warrior

Vault maps used:
D:1:      minmay_arrival_five_plusses
D:2:      corner_web_ring, st_stairs_2
D:3:      first_ration, minmay_ogre_servants
D:4:      nicolae_ashenzari_panopticon, cheibrodos_sewer_entry_bend,
          minivault_26, minmay_misc_feat_plants, uniq_eustachio, uniq_menkaure
D:5:      nicolae_overflow_hidden_temple, nicolae_overflow_crystal_walls,
          serial_bayou, serial_bayou_pond_e, serial_bayou_shore_b,
          serial_bayou_pond_e, serial_bayou_pond_b, uniq_grinder
D:6:      fiery_altar_vehumet, minmay_temple_entry_statues_fountains,
          serial_shops, shop, basic_altar, grunt_decor_mini_mirrors,
          nicolae_good_shop
D:9:      dpeg_lair_monsters, david_orc_3, enter_bailey_2, serial_shops, shop
Temple:   regret_index_temple_sphere_string
Orc:1:    mines5_lemuel, uniq_josephine
Orc:2:    st_orc_elflike, portal_ice_cave_entry_imps, enter_volcano_3,
          uniq_donald, uniq_azrael
Sewer:    kennysheep_door_sewer
Bailey:   bailey_axe_of_yendor_kennysheep, bailey

Skill      XL: |  1  2  3  4  5  6  7  8  9 10 11 12 |
---------------+-------------------------------------+-----
Axes           | 2 3 4 5 7 9 10 12 | 12.5
Shields        | 3 4 5 6 7 |  7.2
Armour         | 3 4 5 |  5.3
Fighting       | 4 5 6 7 8 9 |  9.0
Dodging        | 1 3 4 5 6 |  6.5
Stealth        | 1 2 3 |  3.8
Invocations    | 1 |  1.8

Action                   |  1- 3 |  4- 6 |  7- 9 | 10-12 || total
-------------------------+-------+-------+-------+-------++-------
Melee: War axe           |    92 |   179 |   409 |   346 ||  1026
       Kick              |    13 |    44 |   141 |   205 ||   403
       Broad axe         |       |       |       |   179 ||   179
Invok: Heroism           |       |       |     1 |    12 ||    13
  Use: Scroll            |       |     4 |       |     1 ||     5
 Stab: Distracted        |       |       |     4 |     1 ||     5
       Sleeping          |       |       |     2 |     1 ||     3
  Eat: Chunk             |     2 |     5 |    14 |     9 ||    30
       Ration            |       |       |     1 |       ||     1
Armor: Scale mail        |    26 |       |       |       ||    26
       Chain mail        |    24 |    83 |       |       ||   107
       Troll leather arm |       |       |    81 |    58 ||   139
Dodge: Dodged            |    50 |    91 |   360 |   324 ||   825
Block: Shield            |    11 |       |       |       ||    11
       Buckler           |    27 |    76 |   168 |   175 ||   446

Table legend:
 A = Non-vault XP
 B = Vault XP
 C = Vault XP percentage of total XP
 D = Non-vault monster count
 E = Vault monster count
 F = Vault count percentage of total count
                 A         B        C        D         E       F
            +---------+---------+-------+---------+---------+-------
      Total |   11260 |   13879 |  55.2 |     198 |     102 |  34.0
            +---------+---------+-------+---------+---------+-------
        D:1 |      23 |       0 |   0.0 |      14 |       0 |   0.0
        D:2 |      42 |       3 |   6.7 |       9 |       2 |  18.2
        D:3 |     131 |     137 |  51.1 |      27 |       9 |  25.0
        D:4 |     261 |     377 |  59.1 |      13 |       5 |  27.8
        D:5 |     984 |     295 |  23.1 |      29 |       1 |   3.3
        D:6 |     810 |       0 |   0.0 |      15 |       0 |   0.0
        D:7 |     702 |       0 |   0.0 |       9 |       0 |   0.0
        D:8 |    1306 |       0 |   0.0 |      29 |       0 |   0.0
        D:9 |    1923 |    6349 |  76.8 |      24 |      14 |  36.8
      Orc:1 |    4662 |    3118 |  40.1 |      24 |      16 |  40.0
      Orc:2 |     416 |     683 |  62.1 |       5 |       6 |  54.5
      Sewer |       0 |     138 | 100.0 |       0 |       6 | 100.0
     Bailey |       0 |    2779 | 100.0 |       0 |      43 | 100.0
            +---------+---------+-------+---------+---------+-------
